 Dungeon Sprint DCSS version 0.30-a0-867-g305f33218d (webtiles) character file.

Game seed: 14247570046400920196

7678 rocky1 the Bludgeoner (level 10, -8/80 HPs)
             Began as a Demonspawn Gladiator on Mar 10, 2023.
             Was an Initiate of Gozag.
             Collided with an ufetubus (10 damage)
             ... caused by Erica
             ... in the Dungeon (Sprint IX: "|||||||||||||||||||||||||||||").
             The game lasted 00:07:37 (2658 turns).

rocky1 the Bludgeoner (Demonspawn Gladiator)        Turns: 2658, Time: 00:07:37

Health: -8/80      AC: 11    Str: 19    XL:     10   Next: 99%
Magic:  0/10       EV: 14    Int:  9    God:    Gozag
Gold:   1334       SH:  0    Dex: 18    Spells: 9/9 levels left

rFire   . . .      SeeInvis +    o - +2 dire flail (heavy)
rCold   + + .      Faith    .    (shield currently unavailable)
rNeg    . . .      Spirit   +    t - +1 scale mail
rPois   .          Reflect  .    (helmet unavailable)
rElec   +          Rampage  .    (no cloak)
rCorr   .          NoTele   +    u - +0 pair of gloves
Will    .....                    b - +0 pair of boots Stlth
                                 z - amulet of guardian spirit
HPRegen 0.33/turn                s - +3 ring of dexterity
MPRegen 0.12/turn                y - ring of the Traitor {Fly rElec rC++}

@: lethally poisoned (-8 -> -10), flying
A: antennae 3, demonic guardian 1
a: Renounce Religion, Potion Petition, Call Merchant, Bribe Branch


You were in the Dungeon.
You worshipped Gozag.
Gozag was most pleased with you.
You visited 1 branch You collected 4419 gold pieces.
You spent 1787 gold pieces at shops.
You paid 1298 gold pieces to Gozag.

Inventory:

Hand Weapons
 g - the +8 glaive "Hapn" {freeze, +Blink MP-9 Str+3}
   (You bought it in a shop in the Dungeon)

   Str:       It affects your strength (+3).
   MP:        It affects your magic capacity (-9).
   +Blink:    It lets you blink.
 o - a +2 heavy dire flail (weapon)
 p - a +0 lajatang
 q - a +2 scimitar of flaming
 x - a +1 bardiche of venom
Missiles
 d - 2 throwing nets (quivered)
 e - a javelin
Armour
 b - a +0 pair of boots (worn)
 c - a +0 helmet
 t - a +1 scale mail (worn)
 u - a +0 pair of gloves (worn)
Jewellery
 r - a +3 ring of dexterity
 s - a +3 ring of dexterity (left hand)
 y - the ring of the Traitor (right hand) {Fly rElec rC++}
   (You bought it in a shop in the Dungeon)

   [ring of flight]

   rC:        It greatly protects you from cold.
   rElec:     It insulates you from electricity.
   Fly:       It grants you flight.
 z - an amulet of guardian spirit (around neck)
Wands
 f - a wand of flame (17)
 n - a wand of iceblast (10)
Scrolls
 j - a scroll of silence
 k - a scroll of blinking
 m - 2 scrolls of amnesia
 v - 2 scrolls of identify
 w - 3 scrolls of fear
Potions
 a - a potion of might
 h - 2 potions of mutation
 i - 4 potions of magic
 l - 4 potions of curing


   Skills:
 - Level 8.1 Fighting
 * Level 20.4 Maces & Flails
 - Level 1.7 Throwing
 - Level 7.1 Armour
 - Level 7.7 Dodging
 + Level 4.7 Evocations


You had 9 spell levels left.
You didn't know any spells.
Your spell library was empty.

Dungeon Overview and Level Annotations

Branches:
Dungeon (1/1)

Altars:
Cheibriados
Dithmenos
Fedhas
Gozag
Hepliaklqana
Kikubaaqudgha
Makhleb
Nemelex Xobeh
Okawaru
Qazlal
Ru
Sif Muna
Trog
Uskayaw
Vehumet
Wu Jian
Xom
Yredelemnul
Jiyva
Lugonu

Shops:
D =(

Annotations:
D Erica


Innate Abilities, Weirdness & Mutations

You have a pair of large antennae on your head. (SInv)
A weak demonic guardian rushes to your aid.


Message History

The bolt of poison hits you!!
You are poisoned.
You feel very sick.
You feel very sick.
You impale Erica!!
Erica is moderately wounded.
You feel sick.
Erica hits you with a +3 scimitar of flaming!
Erica burns you.
You puncture Erica!
Erica is heavily wounded.
You feel sick.
Erica hits you with a +3 scimitar of flaming!
Erica burns you.
You barely miss Erica.
Erica is heavily wounded.
You feel sick.
You sock Erica!
Erica is severely wounded.
You feel sick. Erica hits you but does no damage.
You closely miss Erica.
Erica is severely wounded.
You feel sick.
Erica hits you with a +3 scimitar of flaming!
* * * LOW HITPOINT WARNING * * *
Erica burns you.
* * * LOW HITPOINT WARNING * * *
A demonic guardian appears!
You closely miss Erica.
Erica is severely wounded.
You feel sick. Erica gestures at you while chanting.
The lance of force hits you!
* * * LOW HITPOINT WARNING * * *
You are knocked back by the lance of force.
You collide with your ufetubus!
Your ufetubus dies!
Your ufetubus disappears in a puff of smoke!
You die...
Your body crumbles into a pile of gold.

▓▓▓▓▓▓▓▓▓▓▓▓▓▓▓▓▓▓▓▓▓▓▓▓▓▓▓▓▓▓▓
_____________'.....)....†)...<▓
▓▓▓▓▓▓▓▓▓▓▓▓▓▓▓▓▓▓▓▓▓▓▓▓▓▓▓▓▓▓▓
..............................▓
▓▓▓▓▓▓▓▓▓▓▓▓▓▓▓▓▓▓▓▓▓▓▓▓▓▓▓▓▓.▓
........'...5..(......'.......▓
▓▓▓▓▓▓▓▓▓▓▓▓▓▓▓▓▓▓▓▓▓▓▓▓▓▓▓▓▓▓▓
...............§@.@......
▓▓▓▓▓▓▓▓▓▓▓▓▓▓▓▓▓▓▓▓▓▓▓▓▓ {{


{{{{{{{{{{{{{ You could see Erica.

Vanquished Creatures
  A hydra (D)
  Harold (D)
  A tengu warrior (D)
  2 lindwurms (D)
  A manticore (D)
  3 elephants (D)
  2 komodo dragons (D)
  2 polar bears (D)
  3 tyrant leeches (D)
  A troll (D)
  A slime creature (D)
  A wyvern (D)
  A yak (D)
  Eustachio (D)
  A steam dragon (D)
  An acid dragon (D)
  A water moccasin (D)
  2 orc warriors (D)
  2 centaurs (D)
  A wolf (D)
  5 bullfrogs (D)
  A scorpion (D)
  A wight (D)
  A killer bee (D)
  A sleepcap (D)
  An adder (D)
  A shadow imp (D)
  3 worms (D)
  A dart slug (D)
  2 orcs (D)
  A quokka (D)
  A bat (D)
  A kobold (D)
  A rat (D)
50 creatures vanquished.

Notes
Turn   | Place    | Note
-------+----------+-------------------------------------------
     0 | D        | rocky1 the Demonspawn Gladiator began the quest for the
                  | Orb.
     0 | D        | Reached XP level 1. HP: 16/16 MP: 1/1
     5 | D        | Reached skill level 3 in Maces & Flails
    19 | D        | Reached skill level 4 in Maces & Flails
    54 | D        | Noticed a sleepcap
    70 | D        | Killed a sleepcap
    71 | D        | Reached skill level 6 in Maces & Flails
    71 | D        | Gained mutation: A weak demonic guardian rushes to your
                  | aid. [demonic ancestry]
    71 | D        | Reached XP level 2. HP: 22/22 MP: 2/2
    71 | D        | Reached XP level 3. HP: 27/27 MP: 3/3
    85 | D        | Reached skill level 7 in Maces & Flails
   151 | D        | Found a snail-covered altar of Cheibriados.
   151 | D        | Found a shadowy altar of Dithmenos.
   151 | D        | Found a blossoming altar of Fedhas.
   151 | D        | Found an opulent altar of Gozag.
   152 | D        | Found a hazy altar of Hepliaklqana.
   153 | D        | Found a viscous altar of Jiyva.
   154 | D        | Found an ancient bone altar of Kikubaaqudgha.
   155 | D        | Found a corrupted altar of Lugonu.
   156 | D        | Found a burning altar of Makhleb.
   157 | D        | Found a sparkling altar of Nemelex Xobeh.
   158 | D        | Found an iron altar of Okawaru.
   159 | D        | Found a stormy altar of Qazlal.
   161 | D        | Became a worshipper of Gozag Ym Sagoz the Greedy
   163 | D        | Found a sacrificial altar of Ru.
   164 | D        | Found a shimmering blue altar of Sif Muna.
   165 | D        | Found a bloodstained altar of Trog.
   166 | D        | Found a hide-covered altar of Uskayaw.
   167 | D        | Found a radiant altar of Vehumet.
   168 | D        | Found an ornate altar of the Wu Jian Council.
   169 | D        | Found a shimmering altar of Xom.
   170 | D        | Found a basalt altar of Yredelemnul.
   225 | D        | Noticed an orc warrior
   225 | D        | Noticed a wight
   225 | D        | Noticed an orc warrior
   225 | D        | Noticed a killer bee
   225 | D        | Noticed a centaur
   225 | D        | Noticed a wyvern
   230 | D        | Killed a wyvern
   231 | D        | Reached skill level 10 in Maces & Flails
   231 | D        | Gained mutation: You have a pair of small antennae on your
                  | head. [demonic ancestry]
   231 | D        | Reached XP level 4. HP: 12/33 MP: 4/4
   231 | D        | Reached XP level 5. HP: 14/38 MP: 5/5
   233 | D        | Killed a centaur
   234 | D        | Reached skill level 11 in Maces & Flails
   234 | D        | Reached XP level 6. HP: 17/44 MP: 6/6
   241 | D        | Reached skill level 12 in Maces & Flails
   246 | D        | Killed an orc warrior
   247 | D        | Reached skill level 13 in Maces & Flails
   252 | D        | Killed an orc warrior
   253 | D        | Reached skill level 14 in Maces & Flails
   253 | D        | Gained mutation: You have a pair of antennae on your head.
                  | [demonic ancestry]
   253 | D        | Reached XP level 7. HP: 13/50 MP: 7/7
   598 | D        | Noticed a slime creature
   598 | D        | Noticed a tengu warrior
   598 | D        | Noticed a manticore
   598 | D        | Noticed a troll
   602 | D        | Reached skill level 1 in Armour
   615 | D        | Killed a troll
   618 | D        | Killed a manticore
   619 | D        | Reached skill level 5 in Fighting
   619 | D        | Reached skill level 5 in Dodging
   619 | D        | Reached XP level 8. HP: 33/64 MP: 8/8
   624 | D        | Killed a tengu warrior
   625 | D        | Reached skill level 15 in Maces & Flails
   625 | D        | Reached skill level 5 in Armour
   628 | D        | Killed a slime creature
   629 | D        | Gained mutation: You have a pair of large antennae on your
                  | head. (SInv) [demonic ancestry]
   629 | D        | Reached XP level 9. HP: 23/72 MP: 9/9
  1049 | D        | Noticed Harold
  1056 | D        | Killed Harold
  1163 | D        | Noticed a komodo dragon
  1181 | D        | Reached skill level 16 in Maces & Flails
  1185 | D        | Killed a komodo dragon
  1191 | D        | Noticed an elephant
  1201 | D        | Killed an elephant
  1202 | D        | Reached skill level 17 in Maces & Flails
  1288 | D        | Noticed a seven-headed hydra
  1288 | D        | Noticed an elephant
  1288 | D        | Noticed a polar bear
  1288 | D        | Noticed a polar bear
  1298 | D        | Killed a polar bear
  1299 | D        | Reached XP level 10. HP: 64/80 MP: 10/10
  1354 | D        | Noticed an elephant
  1357 | D        | Killed an elephant
  1358 | D        | Reached skill level 18 in Maces & Flails
  1361 | D        | Killed a seven-headed hydra
  1368 | D        | Reached skill level 19 in Maces & Flails
  1377 | D        | Killed an elephant
  1520 | D        | Bought a masterwork glaive for 333 gold pieces
  1520 | D        | Identified the +8 glaive "Hapn" {freeze, +Blink MP-9 Str+3}
                  | (You bought it in a shop in the Dungeon)
  1520 | D        | Bought a glowing bardiche for 348 gold pieces
  1524 | D        | Bought the ring of the Traitor {Fly rElec rC++} for 686
                  | gold pieces
  1524 | D        | Bought an amulet of guardian spirit for 420 gold pieces
  1636 | D        | Noticed a lindwurm
  1636 | D        | Noticed a lindwurm
  1642 | D        | Killed a lindwurm
  1649 | D        | Killed a lindwurm
  1650 | D        | Reached skill level 20 in Maces & Flails
  2592 | D        | Noticed Eustachio
  2600 | D        | Killed Eustachio
  2649 | D        | Noticed Erica
  2658 | D        | HP: 2/80 [Erica/lance of force (11)]
  2658 | D        | Collided with an ufetubus

Illustrated notes

Levels and vault maps discovered:
D:        linesprint [early_d, line_temple, items_1, d_10, items_2, lair_1,
          lair_end, items_3, orc_1, orc_end, items_4, d_15, swamp_1, shoals_1,
          snake_1, spider_1, d_20, vaults_1, items_5, swamp_end, shoals_end,
          snake_end, spider_end, vaults_end, d_27, items_6, zot_1, zot_end,
          crypt_end, forest_end, elf_end, slime_end, tomb_end, abyss_end,
          pan_hell_end]

Skill      XL: |  1  2  3  4  5  6  7  8  9 10 |
---------------+-------------------------------+-----
Maces & Flails | 6 10 11 14 15 17 20 | 20.4
Fighting       | 5 7 8 |  8.1
Armour         | 4 6 7 |  7.1
Dodging        | 5 6 7 |  7.7
Evocations     | 4 |  4.7
Throwing       | |  1.7

Action                     |  1- 3 |  4- 6 |  7- 9 | 10-12 || total
---------------------------+-------+-------+-------+-------++-------
  Melee: Flail             |    54 |       |       |       ||    54
         Dire flail        |     2 |    14 |    69 |    90 ||   175
         Punch             |     1 |       |       |       ||     1
  Throw: Throwing net      |     3 |       |     2 |     3 ||     8
         Javelin           |     1 |       |     2 |       ||     3
 Invoke: Call Merchant     |       |       |       |     2 ||     2
    Use: Potion            |     3 |     2 |     2 |     3 ||    10
         Scroll            |       |       |       |     3 ||     3
   Stab: Held in net/web   |     3 |       |       |       ||     3
         Distracted        |       |       |     1 |       ||     1
         Invisible         |       |       |       |     4 ||     4
 Armour: Leather armour    |    10 |       |       |       ||    10
         Scale mail        |     1 |     3 |    32 |    13 ||    49
  Dodge: Dodged            |    32 |     7 |    45 |    50 ||   134

Table legend: (Time is in decaauts)
 A = Elapsed time spent in this place.
 B = Non-inter-level travel time spent in this place.
 C = Inter-level travel time spent in this place.
 D = Time resting spent in this place.
 E = Time spent auto-exploring this place.
 F = Levels seen in this place.
 G = Mean time per level.
                   A        B        C        D        E       F      G
               +--------+--------+--------+--------+--------+-----+--------+
         Total |   2623 |   2623 |      0 |   1862 |      0 |   1 | 2623.0 |
       Dungeon |   2623 |   2623 |      0 |   1862 |      0 |   1 | 2623.0 |
               +--------+--------+--------+--------+--------+-----+--------+

Top non-repeatable levels by time:
       D: 2623 daAuts
